 Dungeon Crawl Stone Soup version 0.27.0-1-g7a089689b8 (webtiles) character file.

Game seed: 15907179092256812396

40 hawla the Chopper (level 3, 0/45 HPs)
             Began as a Minotaur Gladiator on Aug 15, 2021.
             Slain by a gnoll (4 damage)
             ... on level 2 of the Dungeon.
             The game lasted 00:02:47 (1174 turns).

hawla the Chopper (Minotaur Gladiator)              Turns: 1174, Time: 00:02:47

Health: 0/45       AC: 21    Str: 19    XL:     3   Next: 30%
Magic:  2/2        EV:  2    Int:  5    God:
Gold:   64         SH:  0    Dex: 11    Spells: 2/2 levels left

rFire    . . .     SeeInvis .   a - +0 war axe
rCold    . . .     Faith    .   (no shield)
rNeg     + + +     Spirit   .   (armour currently unavailable)
rPois    +         Reflect  .   (helmet currently unavailable)
rElec    .         Harm     .   (cloak currently unavailable)
rCorr    .         Rampage  .   (gloves currently unavailable)
Will     .....     NoTele   +   (boots currently unavailable)
Stlth    +.........             (no amulet)
HPRegen  0.15/turn              (no ring)
MPRegen  0.08/turn              (no ring)

@: tree-form (expiring)
A: stationary, stasis, torment immunity, boosted hp, (horns 2), (retaliatory
headbutt)
a: no special abilities


You were on level 2 of the Dungeon.
You were a tree.
You visited 1 branch of the dungeon, and saw 2 of its levels.

You collected 64 gold pieces.

Inventory:

Hand Weapons
 a - a +0 war axe (weapon)
Missiles
 d - a throwing net (quivered)
 e - 13 poisoned darts
Armour
 b - a +0 leather armour (melded)
 c - a +0 hat (melded)


   Skills:
 + Level 2.5 Fighting
 + Level 4.4 Axes
 + Level 2.1 Throwing
 + Level 0.7 Armour
 + Level 3.9 Dodging


You had 2 spell levels left.
You didn't know any spells.
Your spell library contained the following spells:

 Spells                   Type           Power      Damage    Failure   Level
 Slow                     Hex            0%         N/A       63%         2
 Confusing Touch          Hex            0%         N/A       85%         3
 Yara's Violent Unravell  Hex/Tmut       0%         3d3       100%        5


Dungeon Overview and Level Annotations

Branches:
Dungeon (2/15)

Altars:


Innate Abilities, Weirdness & Mutations

You are a tree.
Your roots penetrate the ground, keeping you stationary.
You cannot be teleported.
You are immune to unholy pain and torment.
Your maximum health is greatly increased.
Your equipment is partially melded.
((You have a pair of horns on your head.))
((You reflexively headbutt those who attack you in melee.))


Message History

Your roots penetrate the ground.
You feel sick. The adder bites you but does no damage.
The gnoll struggles against the net.
The net rips apart, and the gnoll comes free!
You barely miss the adder.
You feel sick.
The adder bites you but does no damage. x2
You barely miss the adder.
You feel sick. The adder bites you but does no damage.
You closely miss the adder.
You feel sick.
The adder bites you but does no damage. x2
You slash the adder!
You kill the adder!
You feel sick.
The jackal bites you but does no damage.
You hit the jackal.
The jackal is severely wounded.
You feel sick.
You are no longer poisoned.
The jackal bites you but does no damage.
The gnoll completely misses you. The jackal bites you.
The gnoll hits you from afar with a +2 halberd of distortion.
Space bends around you!
* * * LOW HITPOINT WARNING * * *
You closely miss the jackal.
The jackal is severely wounded.
The jackal bites you but does no damage.
The gnoll hits you but does no damage.
The jackal bites you but does no damage.
Unknown command.
You aren't carrying any potions.
You slash the jackal!
You kill the jackal!
The gnoll hits you from afar with a +2 halberd of distortion.
* * * LOW HITPOINT WARNING * * *
The rat twitches its whiskers.
The rat bites you but does no damage.
A giant cockroach comes into view.
You closely miss the rat.
Your transformation is almost over.
The gnoll hits you but does no damage. Space bends around you.
You die...

.. ..### #B...### #.....#
#!....# ## #....# ..
#...K#### #.###.gr♣.#
#....J#### ###...# #..#..#
##### ##### #..##..# #...#
###.#.# #.##...## #...#
#...#.. ..#......## #...#
#.###.#
#.##.#.#...####...###.....#
..##.......................#


You could see a gnoll, an endoplasm, a giant cockroach (wandering), a kobold and
a rat.

Vanquished Creatures
  An adder (D:2)
  2 ball pythons (D:1)
  3 endoplasms
  4 goblins (D:1)
  4 hobgoblins
  6 jackals
  2 kobolds (D:1)
  A bat (D:1)
  2 frilled lizards
  2 rats
27 creatures vanquished.

Notes
Turn   | Place    | Note
-------+----------+-------------------------------------------
     0 | D:1      | hawla the Minotaur Gladiator began the quest for the Orb.
     0 | D:1      | Reached XP level 1. HP: 18/18 MP: 0/0
   163 | D:1      | Reached XP level 2. HP: 22/25 MP: 1/1
   515 | D:1      | Reached skill level 4 in Axes
  1157 | D:2      | Reached XP level 3. HP: 27/30 MP: 2/2
  1174 | D:2      | Slain by a gnoll

Illustrated notes

Levels and vault maps discovered:
D:1:      dpeg_arrival_morbid_curiosity, layout_basic, minivault_27,
          kennysheep_pointless_box, minmay_tetromino_t2
D:2:      layout_basic, basic_altar, shapermc_ecumenical_altar_mp_urbaneastern,
          minmay_pentomino_pile, uniq_crazy_yiuf_cottage, uniq_terence,
          uniq_robin

Skill      XL: |  1  2 |
---------------+-------+-----
Axes           | 4 |  4.4
Fighting       | |  2.5
Throwing       | |  2.1
Armour         | |  0.7
Dodging        | |  3.9

Action                   || total
-------------------------++-------
Melee: War axe           ||    44
       Headbutt          ||     4
Throw: Throwing net      ||     2
  Use: Scroll            ||     2
       Potion            ||     1
Armor: Leather armour    ||    11
       Skin              ||    13
Dodge: Dodged            ||    27
